 Dungeon Crawl Stone Soup version 0.29-a0-334-gb41bcbb86e (webtiles) character file.

Game seed: 5980725743540416251

1552 spaghetti the Ogre Mage (level 8, 0/78 HPs)
             Began as an Ogre Fire Elementalist on Apr 13, 2022.
             Was an Initiate of Hepliaklqana.
             Slain by a vampire (6 damage)
             ... on level 5 of the Dungeon.
             The game lasted 00:13:19 (5533 turns).

spaghetti the Ogre Mage (Ogre Fire Elementalist)    Turns: 5533, Time: 00:13:19

Health: 0/78       AC:  3    Str: 18    XL:     8   Next: 88%
Magic:  20/22      EV:  9    Int: 21    God:    Hepliaklqana [......]
Gold:   99         SH:  0    Dex:  6    Spells: 16/27 levels left

rFire   . . .      SeeInvis .   n - +12 triple crossbow of Patience {penet, rPois Str+5 Int+3 Dex-3, crossbow}
rCold   . . .      Faith    .   (shield currently unavailable)
rNeg    . . .      Spirit   .   y - +0 robe {rF+}
rPois   +          Reflect  .   (helmet restricted)
rElec   .          Harm     .   (no cloak)
rCorr   .          Rampage  .   (gloves unavailable)
Will    .....                   (boots unavailable)
Stlth   +.........              (no amulet)
HPRegen 1.03/turn               (no ring)
MPRegen 0.18/turn               (no ring)

@: on blink cooldown, fire susceptible
A: large, unfitting armour, tough skin 1, horns 1, regeneration 1
a: Renounce Religion


You were on level 5 of the Dungeon.
You worshipped Hepliaklqana.
Hepliaklqana was noncommittal.
You visited 1 branch of the dungeon, and saw 6 of its levels.

You collected 99 gold pieces.


Innate Abilities, Weirdness & Mutations

You are too large for most types of armour.
You have tough skin. (AC +1)
You have a pair of small horns on your head.
Your natural rate of healing is unusually fast.


   Skills:
 + Level 3.7 Fighting
 * Level 2.6 Crossbows
 - Level 1.7 Dodging
 - Level 1.4 Stealth
 - Level 10.0 Spellcasting
 - Level 0.8 Conjurations
 - Level 2.0 Hexes
 + Level 3.7 Fire Magic


You had 16 spell levels left.
You knew the following spells:

 Your Spells              Type           Power      Damage    Failure   Level
a - Foxfire               Conj/Fire      80%        2x1d8     2%          1
b - Scorch                Fire           52%        2d7       2%          2
c - Conjure Flame         Conj/Fire      20%        6-21      8%          3
d - Blink                 Tloc           20%        N/A       10%         2
e - Inner Flame           Hex/Fire       22%        N/A       6%          3

Your spell library contained the following spells:

 Spells                   Type           Power      Damage    Failure   Level
 Gell's Gravitas          Tloc           10%        N/A       19%         3
 Lesser Beckoning         Tloc           10%        N/A       19%         3
 Ozocubu's Armour         Ice            10%        N/A       19%         3
 Teleport Other           Tloc           10%        N/A       19%         3
 Flame Wave               Conj/Fire      20%        2d7       26%         4
 Manifold Assault         Tloc           10%        N/A       87%         5
 Ozocubu's Refrigeration  Ice            5%         4d6       100%        7

Inventory:

Hand Weapons
 n - the +12 triple crossbow of Patience (weapon) {penet, rPois Str+5 Int+3 Dex-3, crossbow}
   (You acquired it on level 5 of the Dungeon)

   Any ammunition fired by it passes through the targets it hits, potentially
   hitting all targets in its path until it reaches maximum range.
   Str:       It affects your strength (+5).
   Int:       It affects your intelligence (+3).
   Dex:       It affects your dexterity (-3).
   rPois:     It protects you from poison.
 q - a +0 morningstar {mace}
   (You took it off an orc on level 4 of the Dungeon)
Missiles
 f - 129 stones {throwing}
 k - 2 poisoned darts {throwing}
 s - 8 javelins {throwing}
 I - 3 boomerangs {throwing}
Armour
 a - a +0 robe
 y - a +0 robe of fire resistance (worn)
   (You found it on level 2 of the Dungeon)
Jewellery
 g - a ring of resist corrosion
   (You found it on level 1 of the Dungeon)
 m - a ring of flight
   (You found it on level 1 of the Dungeon)
 N - a ring of ice
   (You found it on level 3 of the Dungeon)
Wands
 l - a wand of digging (5)
   (You found it on level 6 of the Dungeon)
 G - a wand of paralysis (12)
   (You found it on level 3 of the Dungeon)
Scrolls
 c - a scroll of enchant weapon
 e - a scroll of amnesia
 o - a scroll of brand weapon
 p - a scroll of identify {@r1}
 u - 3 scrolls of torment {!r}
Potions
 b - a potion of magic
 h - a potion of invisibility
 i - a potion of flight

Dungeon Overview and Level Annotations

Branches:
Dungeon (6/15)
 Temple: D:4-7

Altars:
Hepliaklqana
Kikubaaqudgha
Ru
Xom
Ignis

Shops:
D:5 =(

Portals:
Abyss: D:6

Annotations:
D:6 2 transporters, spaghetti's ghost, weakling DsDe

#.####.......##.###..+.. #
#####.#########.......#.####
# ##.................#.###.#
#.
........................#.#
#.
..##.####.....###..######.#
#. #.#[.##...##.ยง#.# #.###.
# #...##.##.).#.# #.....
#...#.#)..##.# ###### # #.
#.'#.#@[##..# # #
....###...###...## # #
........8.โ€ ......# # #
#...###...###....# # # #.
#)โ€ #.#'.##...# # #
#...#.#...##..##########
####
#...##.##...#............
...# #!.##..โ€
##.)#.#.######### ...#
#.####.....####.#.#


There were no monsters in sight!


Message History

Aim: a vampire (lightly damaged, 65% to hit)
You shoot a bolt.
The bolt pierces through the water moccasin!!
The bolt pierces through the vampire!
The water moccasin bites you. x2
The vampire gestures wildly while chanting.
The vampire flickers and vanishes!
The water moccasin bites you.
The water moccasin bites you! ๐Ÿ˜ฎ HP[-15]
You take 15 damage, and now have 48/75 hp.
Shoot: n) +12 triple crossbow of Patience {penet, rPois Str+5 Int+3 Dex-3, crossbow}
Press: ? - help, Q - select action, (/) - cycle Shift-Dir - straight line You shoot a bolt.
The bolt pierces through the water moccasin!!
You kill the water moccasin!
Something hits you but does no damage. Something bites you.
Something draws strength from your injuries!
Training target 2.0 for Hexes reached!
Your Hexes skill increases to level 2! ๐Ÿ˜ฎ HP[-3]
You now have 78 max hp (+3).
Shoot: n) +12 triple crossbow of Patience {penet, rPois Str+5 Int+3 Dex-3, crossbow}
Press: ? - help, Q - select action, (/) - cycle Shift-Dir - straight line You shoot a bolt.
Something hits you. Something bites you.
* * * LOW HITPOINT WARNING * * *
Something draws strength from your injuries!
Something hits you.
* * * LOW HITPOINT WARNING * * *
Something bites you.
* * * LOW HITPOINT WARNING * * *
Something draws strength from your injuries! ๐Ÿ˜จ HP[-19]
You take 19 damage, and now have 26/78 hp.
MASSIVE DAMAGE!! (PAUSE)
Okay, then.
Okay, then.
Aiming: Paralyse
Press: ? - help, Shift-Dir - straight line
Okay, then.
Unknown command.
Casting: Blink (safe; 10% risk of failure)
Confirm with . or Enter, or press ? or * to list all spells.
You blink. ๐Ÿ˜จ HP[+1] MP[-2]
You lost 2 mp, and now have 20/22 mp.
There is an open door, spattered with blood here.
Things that are here:
a +0 war axe {axe}; a +0 leather armour; ๐Ÿ˜จ HP[+1] ๐Ÿ˜จ HP[+1]
You close the door, pushing everything out of the way.
Something unseen breaks down the door. ๐Ÿ˜จ HP[+1] It's broken and can't be closed.
Aiming: Paralyse
Press: ? - help, Shift-Dir - straight line Nothing appears to happen.
You feel stable enough to blink again. ๐Ÿ˜จ HP[+1] MP[+1]
Aiming: Paralyse
Press: ? - help, Shift-Dir - straight line Nothing appears to happen.
You hear some strange, mumbled words.
Something tries to affect you, but you resist. ๐Ÿ˜จ HP[+1]
Aiming: Paralyse
Press: ? - help, Shift-Dir - straight line Nothing appears to happen.
Something hits you!
* * * LOW HITPOINT WARNING * * *
Something bites you.
* * * LOW HITPOINT WARNING * * *
Something draws strength from your injuries! ๐Ÿ˜จ HP[-11]
You take 11 damage, and now have 21/78 hp.
Unknown command.
Unknown command.
Things that are here:
a +0 dagger {short}; a +0 robe; ๐Ÿ˜จ HP[+1] ๐Ÿ˜จ HP[+1]
Okay, then.
Aiming: Dig
Press: ? - help, Shift-Dir - straight line A rock wall.
The rock shatters into small pieces.
Something hits you!
* * * LOW HITPOINT WARNING * * *
Something bites you!
* * * LOW HITPOINT WARNING * * *
Something draws strength from your injuries! ๐Ÿ˜ฑ HP[-19] MP[+1]
You take 19 damage, and now have 4/78 hp.
MASSIVE DAMAGE!! (PAUSE)
Your mp is fully restored (22).
Casting: Blink (safe; 10% risk of failure)
Confirm with . or Enter, or press ? or * to list all spells.
You blink. ๐Ÿ˜ฑ HP[+1] MP[-2]
You lost 2 mp, and now have 20/22 mp.
Unknown command.
Something hits you.
You die...

Skill      XL: |  1  2  3  4  5  6  7  8 |
---------------+-------------------------+-----
Spellcasting   | 3 4 5 6 8 9 10 | 10.0
Fighting       | 1 3 |  3.7
Crossbows      | 2 |  2.6
Fire Magic     | 3 |  3.7
Hexes          | 2 |  2.0
Dodging        | |  1.7
Stealth        | |  1.4
Conjurations   | |  0.8

Action                   |  1- 3 |  4- 6 |  7- 9 || total
-------------------------+-------+-------+-------++-------
Melee: Unarmed           |    19 |    53 |       ||    72
       Headbutt          |       |     3 |       ||     3
       Morningstar       |       |     2 |     6 ||     8
 Fire: Triple crossbow   |       |       |    51 ||    51
 Cast: Foxfire           |    34 |    22 |    12 ||    68
       Scorch            |    12 |    60 |    15 ||    87
       Blink             |       |       |     4 ||     4
Invok: Foxfire Swarm     |       |     3 |     2 ||     5
Evoke: Wand              |       |     1 |     4 ||     5
  Use: Potion            |     1 |    12 |     6 ||    19
       Scroll            |       |     4 |     2 ||     6
 Stab: Paralysed         |       |     3 |       ||     3
       Invisible         |       |     1 |       ||     1
Armor: Robe              |    19 |    14 |    22 ||    55
Dodge: Dodged            |    19 |    34 |    66 ||   119

Levels and vault maps discovered:
D:1:      mrwooster_arrival_statue_3, layout_loops_cross,
          hellmonk_ecumenical_altar_run_dry, minmay_unequal
D:2:      layout_loops_ring, dk_noncrumbling_4, minmay_surrounded
D:3:      layout_basic, nicolae_wormholes
D:4:      layout_rooms, feat_on_display
D:5:      cheibrodos_barr_body, layout_basic,
          mainiacjoe_overflow_six_doors_small, lemuel_tele_altar,
          regret_index_temple_of_mockery, serial_shops,
          nicolae_shop_advertising_works [nicolae_subvault_shop_adworks],
          portal_sewer_entry_a, nicolae_concentric_dashed_squares_mild,
          nicolae_stop_n_shop_1
D:6:      layout_rooms, zin_academy, temple_doors_cd,
          gammafunk_ghost_abyssal_escape, st_stairs_12,
          amcnicky_mini_corridor_feature

Notes
Turn   | Place    | Note
-------+----------+-------------------------------------------
     0 | D:1      | spaghetti the Ogre Fire Elementalist began the quest for
                  | the Orb.
     0 | D:1      | Reached XP level 1. HP: 16/16 MP: 3/3
     0 | D:1      | magus.rc [v1.9.6]
    12 | D:1      | Found a faded altar of an unknown god.
    90 | D:1      | Prayed at the altar of an unknown god.
    90 | D:1      | Became a worshipper of Ignis, the Dying Flame
   586 | D:1      | Reached skill level 3 in Spellcasting
   686 | D:1      | Reached XP level 2. HP: 24/24 MP: 3/6
   865 | D:2      | You pick up a book of Displacement and begin reading...
   865 | D:2      | You add the spells Lesser Beckoning, Gell's Gravitas and
                  | Teleport Other to your library.
   921 | D:2      | Learned a level 2 spell: Scorch
  1150 | D:2      | Reached XP level 3. HP: 31/31 MP: 5/8
  1154 | D:2      | Learned a level 3 spell: Conjure Flame
  1193 | D:2      | You add the spells Ozocubu's Armour and Ozocubu's
                  | Refrigeration to your library.
  1278 | D:2      | Reached skill level 4 in Spellcasting
  1525 | D:2      | Reached XP level 4. HP: 11/39 MP: 0/10
  1525 | D:2      | HP: 7/39 [endoplasm (3)]
  1565 | D:1      | Reached skill level 5 in Spellcasting
  2223 | D:3      | HP: 7/39 [worm (10)]
  2655 | D:3      | You pick up a book of Spatial Translocations and begin
                  | reading...
  2655 | D:3      | You add the spells Blink and Manifold Assault to your
                  | library.
  2808 | D:3      | Reached XP level 5. HP: 14/45 MP: 0/13
  3257 | D:3      | Reached skill level 6 in Spellcasting
  3875 | D:4      | HP: 4/45 [orc priest/divine providence (13)]
  3878 | D:4      | Gained mutation: You have a pair of small horns on your
                  | head. [potion of mutation]
  3878 | D:4      | Gained mutation: Your natural rate of healing is unusually
                  | fast. [potion of mutation]
  3885 | D:4      | HP: 11/45 [orc priest/+0 mace (3)]
  3895 | D:4      | HP: 11/45 [orc priest/+0 mace (4)]
  3900 | D:4      | HP: 5/45 [orc priest/+0 mace (7)]
  4209 | D:4      | Reached XP level 6. HP: 31/53 MP: 0/15
  4211 | D:4      | Reached skill level 7 in Spellcasting
  4329 | D:5      | Entered Level 5 of the Dungeon
  4346 | D:5      | Noticed an ice beast
  4349 | D:5      | Killed an ice beast
  4483 | D:5      | Found Kean's Antique Weapon Shoppe.
  4495 | D:5      | Reached skill level 8 in Spellcasting
  4495 | D:5      | Reached XP level 7. HP: 59/59 MP: 8/18
  4720 | D:5      | Reached skill level 9 in Spellcasting
  4726 | D:5      | HP: 22/88 [poisoned by a water moccasin]
  4728 | D:5      | HP: 10/59 [poisoned by a water moccasin]
  4806 | D:5      | Found a hazy altar of Hepliaklqana.
  4807 | D:5      | Found a shimmering altar of Xom.
  4808 | D:5      | Identified a scroll of acquirement
  4815 | D:5      | Acquired the +12 triple crossbow of Patience {penet, rPois
                  | Str+5 Int+3 Dex-3}
  4818 | D:5      | Noticed a spectral ugly thing
  4821 | D:5      | Fell from the grace of Ignis
  4821 | D:5      | Became a worshipper of Hepliaklqana the Forgotten
  4886 | D:5      | Found a glowing drain.
  4933 | D:5      | Found an ancient bone altar of Kikubaaqudgha.
  4935 | D:5      | Found Vehozxen's Jewellery Boutique.
  4953 | D:5      | Noticed a fire elemental
  4953 | D:5      | Noticed a fire elemental
  4974 | D:5      | Reached skill level 1 in Fighting
  4974 | D:5      | Reached XP level 8. HP: 56/70 MP: 21/21
  4991 | D:5      | Learned a level 2 spell: Blink
  4995 | D:5      | Learned a level 3 spell: Inner Flame
  5007 | D:6      | Reached skill level 2 in Fighting
  5007 | D:6      | Reached skill level 1 in Crossbows
  5067 | D:6      | Found a transporter.
  5068 | D:6      | Noticed a brown ugly thing
  5093 | D:6      | Found a transporter.
  5100 | D:6      | Found a one-way gate to the infinite horrors of the Abyss.
  5100 | D:6      | Noticed spaghetti's ghost (weakling DsDe)
  5106 | D:6      | Noticed a small abomination
  5124 | D:6      | Reached skill level 3 in Fire Magic
  5267 | D:5      | Reached skill level 1 in Hexes
  5346 | D:5      | Found a sacrificial altar of Ru.
  5415 | D:5      | Reached skill level 3 in Fighting
  5429 | D:5      | Reached skill level 2 in Crossbows
  5432 | D:5      | HP: 15/75 [killer bee (7)]
  5438 | D:5      | HP: 13/75 [something (6)]
  5439 | D:5      | HP: 6/75 [something (5)]
  5515 | D:5      | Reached skill level 10 in Spellcasting
  5515 | D:5      | Noticed a vampire
  5521 | D:5      | Reached skill level 2 in Hexes
  5531 | D:5      | HP: 16/78 [something (8)]
  5531 | D:5      | HP: 4/78 [something (12)]
  5533 | D:5      | Slain by a vampire

Vanquished Creatures
  3 water moccasins (D:5)
  An ice beast (D:5)
  A sky beast (D:5)
  A black bear (D:5)
  A centaur (D:6)
  3 wights
  A killer bee (D:5)
  A jelly (D:5)
  2 howler monkeys (D:5)
  3 hounds (D:5)
  5 orc priests
  2 iguanas (D:5)
  2 orc wizards
  12 adders
  2 river rats (D:5)
  An ufetubus (D:5)
  5 worms
  17 orcs
  3 ball pythons
  5 endoplasms
  3 giant cockroaches
  3 goblins
  6 hobgoblins
  6 kobolds
  6 quokkas
  6 bats
  4 rats
105 creatures vanquished.

Vanquished Creatures (others)
  208 foxfires
208 creatures vanquished.

Grand Total: 313 creatures vanquished

Table legend:
 A = Non-vault XP
 B = Vault XP
 C = Vault XP percentage of total XP
 D = Non-vault monster count
 E = Vault monster count
 F = Vault count percentage of total count
                 A         B        C        D         E       F
            +---------+---------+-------+---------+---------+-------
      Total |    1583 |     635 |  28.6 |      77 |      28 |  26.7
            +---------+---------+-------+---------+---------+-------
        D:1 |      23 |       3 |  11.5 |       6 |       2 |  25.0
        D:2 |      64 |      19 |  22.9 |      16 |       5 |  23.8
        D:3 |      91 |      15 |  14.2 |      19 |       3 |  13.6
        D:4 |     181 |       5 |   2.7 |      13 |       1 |   7.1
        D:5 |     959 |     593 |  38.2 |      20 |      17 |  45.9
        D:6 |     265 |       0 |   0.0 |       3 |       0 |   0.0
            +---------+---------+-------+---------+---------+-------

Illustrated notes

Table legend:
 A = Kills in this place as a percentage of kills in entire the game.
 B = Kills by you in this place as a percentage of kills by you in the entire game.
 C = Kills by friends in this place as a percentage of kills by friends in the entire game.
 D = Other kills in this place as a percentage of other kills in the entire game.
 E = Experience gained in this place as a percentage of experience gained in the entire game.
 F = Experience gained in this place divided by the number of levels of this place that you have seen.
                   A       B       C       D       E      F
               +-------+-------+-------+-------+-------+----------------------
         Total | 100.0 | 100.0 |   N/A |   N/A | 100.0 | 369.7
       Dungeon | 100.0 | 100.0 |   N/A |   N/A | 100.0 | 369.7
               +-------+-------+-------+-------+-------+----------------------

Table legend: (Time is in decaauts)
 A = Elapsed time spent in this place.
 B = Non-inter-level travel time spent in this place.
 C = Inter-level travel time spent in this place.
 D = Time resting spent in this place.
 E = Time spent auto-exploring this place.
 F = Levels seen in this place.
 G = Mean time per level.
                   A        B        C        D        E       F      G
               +--------+--------+--------+--------+--------+-----+--------+
         Total |   5585 |   5443 |    142 |   1325 |   3321 |   6 |  930.8 |
       Dungeon |   5585 |   5443 |    142 |   1325 |   3321 |   6 |  930.8 |
               +--------+--------+--------+--------+--------+-----+--------+

Top non-repeatable levels by time:
     D:2: 1403 daAuts
     D:3: 1149 daAuts
     D:5: 1092 daAuts
     D:1: 1022 daAuts
     D:4: 743 daAuts
     D:6: 174 daAuts
